 Dungeon Sprint DCSS version 0.21-a0-258-g4c0eb85 (webtiles) character file.

2905 minicreteconcrete the Unseen (level 9, -1/49 HPs)
             Began as a Deep Elf Enchanter on Sept 6, 2017.
             Was a High Priest of Sif Muna.
             Slain by a bog body (2 damage)
             ... in the Dungeon (Sprint VII: "The Pits").
             The game lasted 00:07:15 (1387 turns).

minicreteconcrete the Unseen (Deep Elf Enchanter)   Turns: 1387, Time: 00:07:15

Health: -1/49      AC:  4    Str:  5    XL:     9   Next: 49%
Magic:  22/27      EV: 16    Int: 23    God:    Sif Muna [*****.]
Gold:   0          SH:  0    Dex: 16    Spells: 20/33 levels left

rFire    . . .     SeeInvis .   a - +2 rapier (elec)
rCold    . . .     Gourm    .   (no shield)
rNeg     . . .     Faith    .   o - +0 robe
rPois    .         Spirit   .   (no helmet)
rElec    .         Reflect  .   (no cloak)
rCorr    .         Harm     .   z - +0 pair of gloves
MR       .....     NoTele   +   y - +0 pair of boots
Stlth    +++++++...             (no amulet)
HPRegen  0.16/turn              (no ring)
MPRegen  0.20/turn              (no ring)

@: no status effects
A: no striking features
a: Divine Energy, Channel Magic, Forget Spell, Renounce Religion


You were in the Dungeon.
You worshipped Sif Muna.
Sif Muna was extremely pleased with you.
You were not hungry.

You visited 1 branch

Inventory:

Hand Weapons
 a - a +2 rapier of electrocution (weapon)
 k - a +2 trident of distortion
 l - a +1 dagger
 v - a +2 dagger
 x - a +1 dagger of draining
Missiles
 n - 10 stones (quivered)
Armour
 o - a +0 robe (worn)
 y - a +0 pair of boots (worn)
 z - a +0 pair of gloves (worn)
 A - a +5 ring mail
Magical Staves
 b - an uncursed staff of energy
Jewellery
 m - a +3 ring of strength
 w - a +3 ring of strength
Scrolls
 j - a scroll of blinking
 p - 3 scrolls of remove curse
 q - 5 scrolls of amnesia
 r - a scroll of summoning
 s - 2 scrolls of vulnerability
Potions
 e - 7 potions of curing
 f - 15 potions of heal wounds
 h - 4 potions of magic
 i - 3 potions of berserk rage
Books
 c - a book of Maledictions

   Spells                             Type                      Level
   a - Corona                         Hexes                        1
   b - Ensorcelled Hibernation        Hexes/Ice                    2
   c - Confuse                        Hexes                        3
   d - Tukima's Dance                 Hexes                        3
   e - Dazzling Spray                 Conjuration/Hexes            3
 g - Sif Muna's Handbook of the Lucky Compass
   (Sif Muna gifted it to you in the Dungeon)

   Spells                             Type                      Level
   a - Apportation                    Translocation                1
   b - Song of Slaying                Charms                       2
   c - Deflect Missiles               Charms/Air                   6
   d - Death's Door                   Charms/Necromancy            8
Comestibles
 d - 7 bread rations
 t - 40 fruits
 u - 7 meat rations
 B - a chunk of flesh


   Skills:
 + Level 2.6 Fighting
 + Level 7.6 Short Blades
 + Level 6.6 Dodging
 + Level 16.9 Stealth
 + Level 12.8 Spellcasting
 + Level 3.1 Conjurations
 + Level 12.9 Hexes
 - Level 3.1 Ice Magic


You had 20 spell levels left.
You knew the following spells:

 Your Spells              Type           Power        Failure   Level  Hunger
a - Corona                Hex            ######.      1%          1    None
b - Ensorcelled Hibernat  Hex/Ice        ######       1%          2    None
c - Confuse               Hex            ######..     1%          3    None
d - Tukima's Dance        Hex            ######..     1%          3    None
e - Dazzling Spray        Conj/Hex       ######       1%          3    None
f - Apportation           Tloc           ##....       4%          1    None


Dungeon Overview and Level Annotations

Branches:
Dungeon (1/1)

Altars:
Ashenzari
Cheibriados
Dithmenos
Elyvilon
Fedhas
Gozag
Hepliaklqana
Kikubaaqudgha
Makhleb
Nemelex Xobeh
Okawaru
Qazlal
Ru
Sif Muna
Trog
Uskayaw
Vehumet
Wu Jian
Xom
Yredelemnul
Zin
The Shining One
Beogh
Jiyva
Lugonu


Message History

The flayed ghost is heavily damaged.
The bog body casts a spell at you. The bolt of cold misses you.
You closely miss the flayed ghost.
The flayed ghost is heavily damaged.
You hit the flayed ghost.
The flayed ghost is heavily damaged.
The bog body hits you. The bog body completely misses you.
You catch the helpless flayed ghost completely off-guard!
You impale the flayed ghost!!
Lightning courses through the flayed ghost!
You destroy the flayed ghost!
Sif Muna accepts your kill.
You see here a book of Minor Magic.
Sif Muna grants you a gift!
Your life force feels restored.
The bog body hits you!!
* * * LOW HITPOINT WARNING * * *
The bog body touches you.
You die...

#####...<...###...##'##..##
).[##.......# ##...)......#
))[##.......###..###'###...#
#####.......##..##.....## .#
#.. ##########..'.......+
#)############..##.....##
#)#....#...[###..###'###...
#'#....#....# ##.........F#
#.'....'..).# #n@.##+##..##
#'#....#..))##...## ..#
'.#....#..))##..## ..+
################ ##


You could see a bog body.

Vanquished Creatures
  A death yak (D)
  A flayed ghost (D)
  A spiny frog (D)
  A blink frog (D)
  A shadow (D)
  A warg (D)
  A floating eye (D)
  A porcupine (D)
  A black bear (D)
  An ogre (D)
  A centaur (D)
  3 wolves (D)
  A big kobold (D)
  A scorpion (D)
  4 killer bees (D)
  A crimson imp (D)
  An orc wizard (D)
  A gnoll (D)
  2 river rats (D)
  A leopard gecko (D)
  4 orcs (D)
  2 ball pythons (D)
  A giant cockroach (D)
  A goblin (D)
  4 hobgoblins (D)
  A quokka (D)
  3 rats (D)
42 creatures vanquished.

Notes
Turn   | Place    | Note
-------+----------+-------------------------------------------
     0 | D        | minicreteconcrete the Deep Elf Enchanter began the quest for the Orb.
     0 | D        | Reached XP level 1. HP: 10/10 MP: 6/6
    45 | D        | Found a glowing golden altar of the Shining One.
    45 | D        | Found a glowing silver altar of Zin.
    45 | D        | Found a basalt altar of Yredelemnul.
    45 | D        | Found a shimmering altar of Xom.
    45 | D        | Found an ornate altar of the Wu Jian Council.
    45 | D        | Found a bloodstained altar of Trog.
    45 | D        | Found a deep blue altar of Sif Muna.
    45 | D        | Found a sacrificial altar of Ru.
    45 | D        | Found a stormy altar of Qazlal.
    45 | D        | Found an iron altar of Okawaru.
    45 | D        | Found a sparkling altar of Nemelex Xobeh.
    45 | D        | Found a burning altar of Makhleb.
    45 | D        | Found a viscous altar of Jiyva.
    45 | D        | Found a hazy altar of Hepliaklqana.
    45 | D        | Found an opulent altar of Gozag.
    45 | D        | Found a blossoming altar of Fedhas.
    45 | D        | Found a white marble altar of Elyvilon.
    45 | D        | Found a shadowy altar of Dithmenos.
    45 | D        | Found a snail-covered altar of Cheibriados.
    46 | D        | Found a radiant altar of Vehumet.
    46 | D        | Found a corrupted altar of Lugonu.
    46 | D        | Found a roughly hewn altar of Beogh.
    47 | D        | Found an ancient bone altar of Kikubaaqudgha.
    47 | D        | Found a hide-covered altar of Uskayaw.
    47 | D        | Found a shattered altar of Ashenzari.
    48 | D        | Became a worshipper of Sif Muna the Loreminder
    57 | D        | Reached skill level 4 in Stealth
   175 | D        | Reached skill level 5 in Hexes
   175 | D        | Reached XP level 2. HP: 15/15 MP: 8/8
   179 | D        | Learned a level 2 spell: Ensorcelled Hibernation
   182 | D        | Reached skill level 5 in Stealth
   188 | D        | Reached * piety under Sif Muna
   195 | D        | HP: 1/22 [river rat (5)]
   197 | D        | Reached skill level 6 in Stealth
   509 | D        | Noticed a centaur
   510 | D        | Noticed a scorpion
   522 | D        | Killed a scorpion
   522 | D        | Reached skill level 1 in Fighting
   522 | D        | Reached skill level 7 in Stealth
   522 | D        | Reached XP level 3. HP: 20/20 MP: 11/11
   522 | D        | Reached XP level 4. HP: 25/25 MP: 12/12
   524 | D        | Reached skill level 5 in Spellcasting
   524 | D        | Reached skill level 1 in Ice Magic
   526 | D        | Killed a centaur
   526 | D        | Reached ** piety under Sif Muna
   526 | D        | Reached skill level 8 in Stealth
   526 | D        | Reached XP level 5. HP: 27/29 MP: 13/15
   531 | D        | Reached skill level 5 in Dodging
   531 | D        | Reached skill level 9 in Stealth
   586 | D        | Learned a level 3 spell: Confuse
   590 | D        | Learned a level 3 spell: Tukima's Dance
   594 | D        | Learned a level 3 spell: Dazzling Spray
   724 | D        | Noticed a blink frog
   733 | D        | Killed a blink frog
   733 | D        | Reached *** piety under Sif Muna
   733 | D        | Reached skill level 5 in Short Blades
   733 | D        | Reached skill level 10 in Stealth
   733 | D        | Reached XP level 6. HP: 17/35 MP: 4/18
   894 | D        | Noticed a warg
   899 | D        | Killed a warg
   899 | D        | Reached skill level 11 in Stealth
   904 | D        | Reached **** piety under Sif Muna
   904 | D        | Reached XP level 7. HP: 33/40 MP: 11/20
   959 | D        | Noticed a death yak
   999 | D        | Killed a death yak
   999 | D        | Reached skill level 13 in Stealth
   999 | D        | Reached skill level 10 in Spellcasting
   999 | D        | Reached XP level 8. HP: 29/44 MP: 4/24
  1009 | D        | Reached ***** piety under Sif Muna
  1009 | D        | Identified Sif Muna's Handbook of the Lucky Compass (Sif Muna gifted it to you in the Dungeon)
  1009 | D        | Received a gift from Sif Muna
  1019 | D        | Reached skill level 14 in Stealth
  1033 | D        | Learned a level 1 spell: Apportation
  1129 | D        | Noticed a spiny frog
  1136 | D        | Killed a spiny frog
  1136 | D        | Reached skill level 15 in Stealth
  1146 | D        | Reached XP level 9. HP: 45/48 MP: 18/26
  1197 | D        | Reached skill level 16 in Stealth
  1201 | D        | Noticed a deep elf mage
  1376 | D        | Noticed a spiny frog
  1376 | D        | Noticed a flayed ghost
  1387 | D        | Killed a flayed ghost
  1387 | D        | Received a gift from Sif Muna
  1387 | D        | HP: 1/49 [bog body (21)]
  1387 | D        | Slain by a bog body

Vault maps used:
D:        pitsprint

Skill      XL: |  1  2  3  4  5  6  7  8  9 |
---------------+----------------------------+-----
Stealth        | 4 7 8 10 11 13 15 16 | 16.9
Dodging        | 3 4 5 6 |  6.6
Hexes          | 5 6 7 8 9 11 12 | 12.9
Short Blades   | 2 4 5 6 7 |  7.6
Spellcasting   | 4 5 7 8 10 11 12 | 12.8
Fighting       | 1 2 |  2.6
Ice Magic      | 1 3 |  3.1
Conjurations   | 2 3 |  3.1

Action                   |  1- 3 |  4- 6 |  7- 9 || total
-------------------------+-------+-------+-------++-------
Melee: Dagger            |    35 |    17 |    15 ||    67
       Rapier            |       |       |    21 ||    21
 Cast: Ensorcelled Hiber |     4 |    10 |     7 ||    21
       Dazzling Spray    |       |       |     4 ||     4
       Confuse           |       |       |     8 ||     8
  Use: Potion            |     4 |       |     2 ||     6
 Stab: Sleeping          |     4 |     6 |    13 ||    23
       Invisible         |     1 |     4 |     4 ||     9
       Confused          |       |       |     1 ||     1
  Eat: Bread ration      |       |       |     1 ||     1
Armor: Robe              |     5 |     1 |     2 ||     8
Dodge: Dodged            |    25 |     9 |    13 ||    47

Table legend:
 A = Spawn XP
 B = Non-spawn XP
 C = Spawn XP percentage of total XP
 D = Spawn monster count
 E = Non-spawn monster count
 F = Spawn count percentage of total count
 G = Total turns spent on level
                    A         B        C        D         E        F      G
               +---------+---------+-------+---------+---------+-------+---------
         Total |       0 |    4151 |   0.0 |       0 |      42 |   0.0 |  1387
               +---------+---------+-------+---------+---------+-------+---------
             D |       0 |    4151 |   0.0 |       0 |      42 |   0.0 |  1387
               +---------+---------+-------+---------+---------+-------+---------
